 Dungeon Crawl Stone Soup version 0.27.0-1-g7a089689b8 (webtiles) character file.

Game seed: 5615578427307919705

98 garrulousMonolith the Digger (level 4, -5/25 HPs)
             Began as a Gargoyle Earth Elementalist on Aug 6, 2021.
             Was a Follower of Yredelemnul.
             Slain by a black bear (9 damage)
             ... on level 3 of the Dungeon.
             The game lasted 00:05:16 (2280 turns).

garrulousMonolith the Digger (GrEE)                 Turns: 2280, Time: 00:05:17

Health: -5/25      AC:  5    Str: 12    XL:     4   Next: 69%
Magic:  0/7        EV: 12    Int: 16    God:    Yredelemnul [*.....]
Gold:   138        SH:  0    Dex: 10    Spells: 1/8 levels left

rFire    . . .     SeeInvis .   a - +0 short sword
rCold    . . .     Faith    .   (no shield)
rNeg     + . .     Spirit   .   b - +0 robe
rPois    ∞         Reflect  .   (no helmet)
rElec    +         Harm     .   (no cloak)
rCorr    .         Rampage  .   (no gloves)
Will     .....                  (no boots)
Stlth    ++........             (no amulet)
HPRegen  0.08/turn              (no ring)
MPRegen  0.10/turn              (no ring)

@: no status effects
A: sickness immunity, AC +3, negative energy resistance 1, electricity
resistance, torment resistance 1, petrification resistance
a: Renounce Religion, Animate Remains


You were on level 3 of the Dungeon.
You worshipped Yredelemnul.
Yredelemnul was aware of your devotion.
You visited 1 branch of the dungeon, and saw 3 of its levels.

You collected 138 gold pieces.

Inventory:

Hand Weapons
 a - a +0 short sword (weapon)
 i - a +0 dagger
Missiles
 c - 17 stones
Armour
 b - a +0 robe (worn)
 g - a +0 kite shield
Magical Staves
 j - a staff of death
Jewellery
 d - an amulet of faith
Wands
 e - a wand of digging (5)
Scrolls
 h - a scroll of vulnerability
 k - a scroll of holy word {unknown}
Potions
 f - 2 potions of haste
 l - a potion of mutation


   Skills:
 + Level 1.4 Fighting
 + Level 2.0 Dodging
 - Level 2.1 Stealth
 + Level 2.5 Spellcasting
 * Level 2.1 Conjurations
 - Level 0.7 Transmutations
 * Level 4.5 Earth Magic


You had one spell level left.
You knew the following spells:

 Your Spells              Type           Power      Damage    Failure   Level
a - Sandblast             Erth           32%        2d9       3%          1
b - Stone Arrow           Conj/Erth      24%        3d8       16%         3
c - Passwall              Tmut/Erth      8%         N/A       10%         2
e - Magic Dart            Conj           36%        1d4       9%          1

Your spell library contained the following spells:

 Spells                   Type           Power      Damage    Failure   Level
 Searing Ray              Conj           18%        3d3       12%         2
 Petrify                  Tmut/Erth      10%        N/A       54%         4
 Fulminant Prism          Conj/Hex       2%         3d6       77%         4


Dungeon Overview and Level Annotations

Branches:
Dungeon (3/15)

Altars:
Dithmenos
Yredelemnul


Innate Abilities, Weirdness & Mutations

You are immune to sickness and miasma.
Your stone body is resilient. (AC +3)
You are immune to poison.
You resist negative energy. (rN+)
You are resistant to electric shocks. (rElec)
You are resistant to unholy torment.
You are immune to petrification.


Message History

Press: ? - help, Shift-Dir - straight line, f/p - black bear
Aim: a black bear (severely wounded, 85% to hit)
The blast of sand hits the black bear.
The black bear is severely wounded.
The black bear bites you. The black bear closely misses you.
The black bear claws you.
Casting: Sandblast (safe; 3% risk of failure)
Confirm with . or Enter, or press ? or * to list all spells.
Aiming: Sandblast (safe; 3% risk of failure)
Press: ? - help, Shift-Dir - straight line, f/p - black bear
Aim: a black bear (severely wounded, 85% to hit)
The blast of sand misses the black bear.
The black bear closely misses you. The black bear claws you.
The black bear claws you but does no damage.
There is an open door here.
Casting: Sandblast (safe; 3% risk of failure)
Confirm with . or Enter, or press ? or * to list all spells.
Aiming: Sandblast (safe; 3% risk of failure)
Press: ? - help, Shift-Dir - straight line, f/p - black bear
Aim: a black bear (heavily wounded, 85% to hit)
The blast of sand hits the black bear.
The black bear is severely wounded.
The black bear goes berserk!
Casting: Sandblast (safe; 3% risk of failure)
Confirm with . or Enter, or press ? or * to list all spells.
Aiming: Sandblast (safe; 3% risk of failure)
Press: ? - help, Shift-Dir - straight line, f/p - black bear
Aim: a black bear (severely wounded, berserk, 85% to hit)
The blast of sand hits the black bear!
The black bear is almost dead.
The black bear barely misses you. The black bear claws you.
The black bear misses you. The black bear barely misses you.
The black bear claws you.
* * * LOW HITPOINT WARNING * * *
The black bear misses you.
You closely miss the black bear.
The black bear is almost dead.
The black bear bites you!
You die...
Your body rises from the dead as a mindless zombie.

#.#...## #........
#......## #.##..###
##.......## #..#..# #
###.........####.....###
.'.........'...[..)....
#.........####...#.###
#.......## #..#...##
##.....## #........
##.@.## ###....## ##h##
#.#### #.# #.# #.# #.#
##.## #.# ##...## #.#
#.....# #.# ###...## #.#
# #.....#########.#


You could see a black bear (berserk).

Vanquished Creatures
  4 adders (D:3)
  3 worms
  3 orcs (D:3)
  7 ball pythons
  5 bats
  An endoplasm (D:1)
  3 giant cockroaches
  6 goblins
  3 hobgoblins (D:1)
  2 frilled lizards
  6 kobolds
  8 rats
51 creatures vanquished.

Vanquished Creatures (others)
  8 plants (D:2)
8 creatures vanquished.

Grand Total: 59 creatures vanquished

Notes
Turn   | Place    | Note
-------+----------+-------------------------------------------
     0 | D:1      | garrulousMonolith the Gargoyle Earth Elementalist began the
                  | quest for the Orb.
     0 | D:1      | Reached XP level 1. HP: 10/10 MP: 3/3
   147 | D:1      | Reached XP level 2. HP: 16/16 MP: 3/5
   301 | D:1      | Reached skill level 1 in Conjurations
   538 | D:1      | Reached skill level 4 in Earth Magic
   645 | D:2      | Reached XP level 3. HP: 14/20 MP: 3/6
   649 | D:2      | Learned a level 3 spell: Stone Arrow
   652 | D:2      | Learned a level 2 spell: Passwall
   824 | D:2      | Found a basalt altar of Yredelemnul.
   838 | D:2      | Became a worshipper of Yredelemnul the Dark
  1059 | D:2      | Found a faded altar of an unknown god.
  1149 | D:2      | Reached skill level 1 in Fighting
  1890 | D:3      | Reached XP level 4. HP: 25/25 MP: 5/7
  2051 | D:3      | Found a shadowy altar of Dithmenos.
  2077 | D:3      | Learned a level 1 spell: Magic Dart
  2137 | D:3      | Reached * piety under Yredelemnul
  2238 | D:3      | Noticed a black bear
  2280 | D:3      | Slain by a black bear

Illustrated notes

Levels and vault maps discovered:
D:1:      amcnicky_arrival_feature_with_door, layout_basic,
          minmay_tiny_reverse_x
D:2:      layout_basic, basic_altar, serial_bayou, serial_bayou_lake_a,
          serial_bayou_pond_d, serial_bayou_shore_a, serial_bayou_pond_e,
          shapermc_ecumenical_altar_petra
D:3:      layout_loops_corners, nicolae_tso_swordbearing_angel,
          lemuel_crystal_altar, st_stairs_5

Skill      XL: |  1  2  3  4 |
---------------+-------------+-----
Conjurations   | 1 2 |  2.1
Earth Magic    | 4 |  4.5
Fighting       | 1 |  1.4
Dodging        | 2 |  2.0
Stealth        | |  2.1
Spellcasting   | |  2.5
Transmutations | |  0.7

Action                   |  1- 3 |  4- 6 || total
-------------------------+-------+-------++-------
Melee: Short sword       |    30 |    30 ||    60
       Dagger            |     7 |       ||     7
 Cast: Sandblast         |    41 |     8 ||    49
       Magic Dart        |       |    16 ||    16
       Stone Arrow       |       |     2 ||     2
  Use: Scroll            |     3 |       ||     3
 Stab: Sleeping          |     1 |       ||     1
Armor: Robe              |    19 |    17 ||    36
Dodge: Dodged            |    33 |    30 ||    63
